 Dungeon Crawl Stone Soup version 0.26-a0-757-g626ac9e51a (webtiles) character file.

Game seed: 1893339169401527977

3 miscthings the Sneak (level 1, -4/20 HPs)
             Began as a Palentonga Delver on Nov 8, 2020.
             Slain by a worker ant (6 damage)
             ... on level 5 of the Dungeon.
             The game lasted 00:00:12 (36 turns).

miscthings the Sneak (Palentonga Delver)              Turns: 36, Time: 00:00:12

Health: -4/20      AC:  4    Str: 15    XL:     1   Next: 41%
Magic:  1/1        EV:  9    Int: 10    God:
Gold:   0          SH:  0    Dex: 11    Spells: 0/0 levels left

rFire    . . .     SeeInvis +   a - +0 hand axe
rCold    . . .     Faith    .   (no shield)
rNeg     . . .     Spirit   .   b - +0 leather armour
rPois    .         Reflect  .   (no helmet)
rElec    .         Harm     .   (no cloak)
rCorr    .         Rampage  .   (no gloves)
MR       .....                  (no barding)
Stlth    ++........             (no amulet)
HPRegen  0.06/turn              (no ring)
MPRegen  0.07/turn              (no ring)

@: lethally poisoned (-4 -> -17)
A: large, rugged brown scales 3, see invisible, deformed body, roll, armoured
tail
a: Rolling Charge


You were on level 5 of the Dungeon.
You visited 1 branch of the dungeon, and saw 1 of its levels.

Inventory:

Hand Weapons
 a - a +0 hand axe (weapon)
Armour
 b - a +0 leather armour (worn)
Wands
 g - a wand of digging (3)
Scrolls
 c - a scroll of fog
 d - a scroll of magic mapping
 e - a scroll of fear
Potions
 f - a potion of haste


   Skills:
 - Level 3.0 Fighting
 + Level 2.0 Axes
 - Level 1.5 Dodging
 - Level 3.4 Stealth


You couldn't memorise any spells.
You didn't know any spells.
Your spell library was empty.

Dungeon Overview and Level Annotations

Branches:
Dungeon (5/15)
 Temple: D:4-7

Altars:


Innate Abilities, Weirdness & Mutations

You are completely covered in rugged brown scales. (AC +3, +7% HP)
You have supernaturally acute eyesight. (SInv)
Armour fits poorly on your strangely shaped body.
You can roll at foes to attack.
You have a long armoured tail.


Message History

You feel sick.
The worker ant bites you but does no damage.
You barely miss the worker ant. You tail-slap the worker ant.
The worker ant is severely wounded.
You feel sick. The worker ant bites you. x2
You hit the worker ant but do no damage.
The worker ant is severely wounded.
The worker ant bites you.
You are lethally poisoned!
The worker ant poisons you!
You hit the worker ant but do no damage.
The worker ant is severely wounded.
You feel sick. The worker ant bites you.
* * * LOW HITPOINT WARNING * * *
The worker ant bites you but does no damage.
You hit the worker ant but do no damage.
The worker ant is severely wounded.
* * * LOW HITPOINT WARNING * * *
You feel sick. The worker ant bites you.
You die...

######### #.......#
#.......# +.<.....#
#.......+ #.......###
. #...B.....#+#####..
#....@....#........
#.........'........
#.........#........
#.........#........
+.........#......[.
#........$#...##+##
#.....########...##..#
#.....#..............#
#.....#..............#


You could see a worker ant.

Vanquished Creatures
  A worm (D:5)
  A frilled lizard (D:5)
2 creatures vanquished.

Notes
Turn   | Place    | Note
-------+----------+-------------------------------------------
     0 | D:5      | miscthings the Palentonga Delver began the quest for the
                  | Orb.
     0 | D:5      | Reached XP level 1. HP: 20/20 MP: 1/1
    28 | D:5      | Noticed a worker ant
    36 | D:5      | Slain by a worker ant

Illustrated notes

Levels and vault maps discovered:
D:5:      layout_gridville, uniq_duvessa, uniq_pikel

Action                   || total
-------------------------++-------
Melee: Hand axe          ||     9
       Tailslap          ||     3
 Abil: Rolling Charge    ||     3
Armor: Leather armour    ||     2
Dodge: Dodged            ||     1

Table legend: (Time is in decaauts)
 A = Elapsed time spent in this place.
 B = Non-inter-level travel time spent in this place.
 C = Inter-level travel time spent in this place.
 D = Time resting spent in this place.
 E = Time spent auto-exploring this place.
 F = Levels seen in this place.
 G = Mean time per level.
                   A        B        C        D        E       F      G
               +--------+--------+--------+--------+--------+-----+--------+
         Total |     37 |     37 |      0 |      0 |     18 |   1 |   37.0 |
       Dungeon |     37 |     37 |      0 |      0 |     18 |   1 |   37.0 |
               +--------+--------+--------+--------+--------+-----+--------+

Top non-repeatable levels by time:
     D:5: 37 daAuts
